 Dungeon Crawl Stone Soup version 0.27.1-33-g824d729ab1 (webtiles) character file.

Game seed: 2056132490511932314

1649 potato4science the Covert (level 9, -1/56 HPs)
             Began as an Octopode Hedge Wizard on Dec 17, 2021.
             Splashed by a jelly's acid (10 damage)
             ... on level 5 of the Dungeon.
             The game lasted 00:34:56 (7250 turns).

potato4science the Covert (Octopode Hedge Wizard)   Turns: 7250, Time: 00:34:59

Health: -1/56      AC:  1    Str: 10    XL:     9   Next: 0%
Magic:  2/13       EV: 18    Int: 19    God:
Gold:   226        SH:  0    Dex: 17    Spells: 11/14 levels left

rFire    . . .     SeeInvis .   a - +0 dagger
rCold    . . .     Faith    .   (no shield)
rNeg     . . .     Spirit   .   b - +0 hat
rPois    .         Reflect  .   (no amulet)
rElec    .         Harm     .   d - +4 ring of evasion
rCorr    .         Rampage  .   j - ring of willpower
Will     +....                  l - +6 ring of dexterity
Stlth    ++++++....             n - +4 ring of protection
HPRegen  0.18/turn              (no ring)
MPRegen  0.13/turn              (no ring)
                                (no ring)
                                (no ring)

@: corroded
A: almost no armour, amphibious, 8 rings, camouflage 1, gelatinous body 1,
(nimble swimmer 1), tentacles
a: no special abilities


You were on level 5 of the Dungeon.
You visited 1 branch of the dungeon, and saw 5 of its levels.
You also visited: Sewer.

You collected 226 gold pieces.

Inventory:

Hand Weapons
 a - a +0 dagger (weapon)
Armour
 b - a +0 hat (worn)
Magical Staves
 g - a staff of fire
 w - a staff of cold
Jewellery
 d - a +4 ring of evasion (left tentacle)
 j - a ring of willpower (right tentacle)
 l - a +6 ring of dexterity (on tentacle)
 n - a +4 ring of protection (on tentacle)
Wands
 f - a wand of mindburst (6)
 h - a wand of flame (5)
 k - a wand of polymorph (6)
Scrolls
 e - a scroll of noise
 m - a scroll of fog {unknown}
 q - 2 scrolls of teleportation {unknown}
 r - 2 scrolls of fear {unknown}
 s - a scroll of identify {unknown}
 t - a scroll of enchant weapon {unknown}
 u - a scroll of magic mapping
Potions
 c - a potion of curing
 i - a potion of magic {unknown}
 o - a potion of might {unknown}
 p - a potion of berserk rage {unknown}
 v - a potion of mutation {unknown}
 x - a potion of lignification {unknown}


   Skills:
 - Level 3.0 Fighting
 - Level 5.0 Short Blades
 - Level 3.0 Dodging
 + Level 11.8 Stealth
 - Level 3.0 Spellcasting
 - Level 1.0 Conjurations
 - Level 1.0 Summonings
 - Level 3.0 Translocations


You had 11 spell levels left.
You knew the following spells:

 Your Spells              Type           Power      Damage    Failure   Level
a - Magic Dart            Conj           24%        1d4       10%         1
b - Blink                 Tloc           N/A        N/A       7%          2

Your spell library contained the following spells:

 Spells                   Type           Power      Damage    Failure   Level
 Call Imp                 Summ           6%         N/A       16%         2
 Slow                     Hex            2%         N/A       22%         2
 Conjure Flame            Conj/Fire      4%         6-21      36%         3
 Mephitic Cloud           Conj/Pois/Air  4%         N/A       36%         3


Dungeon Overview and Level Annotations

Branches:
Dungeon (5/15)              Sewer (visited)
 Temple: D:4-7

Altars:
Wu Jian

Shops:
D:4 *   D:5 ?

Annotations:
D:2 1 runed translucent door, Crazy Yiuf


Innate Abilities, Weirdness & Mutations

You cannot wear most types of armour.
You are amphibious.
You can wear up to eight rings at the same time.
Your skin changes colour to match your surroundings (Stealth+).
Your rubbery body absorbs attacks. (AC +1, EV +1)
((You are camouflaged near water. (Stealth+)))
You have tentacles for arms and can constrict up to eight enemies at once.


Message History

The jelly is moderately wounded.
The jelly closely misses you.
Your magical contamination has completely faded away.
You hit the jelly but do no damage.
Your tentacles burn!
Your squeeze misses the jelly.
The jelly is moderately wounded.
The jelly hits you but does no damage.
You hit the jelly but do no damage. The acid corrodes you!
Your tentacles burn!
The jelly is moderately wounded.
The jelly completely misses you.
You hit the jelly.
Your tentacles burn!
You squeeze the jelly.
The jelly is heavily wounded.
The jelly barely misses you.
You barely miss the jelly.
The jelly is heavily wounded.
You hit the jelly.
Your tentacles burn!
The jelly is severely wounded.
The jelly hits you but does no damage.
You hit the jelly.
Your tentacles burn!
The jelly is severely wounded.
The jelly misses you.
You barely miss the jelly.
The jelly is severely wounded.
The jelly barely misses you.
You hit the jelly but do no damage.
Your tentacles burn!
The jelly is severely wounded.
You hit the jelly but do no damage.
Your tentacles burn!
The jelly is severely wounded.
The jelly hits you. The acid corrodes you!
You are splashed with acid!
You hit the jelly.
Your tentacles burn!
* * * LOW HITPOINT WARNING * * *
The jelly is severely wounded.
The jelly barely misses you.
You hit the jelly.
Your tentacles burn!
* * * LOW HITPOINT WARNING * * *
The jelly is severely wounded.
The jelly hits you.
* * * LOW HITPOINT WARNING * * *
You are splashed with acid!
You die...

...............# ..
...............# ...
...............####...
..###########........#
## ..# #........# .#
..+ #........# ..# ..#
##........#...#
#....######...#
#..†.@J.......+
#....#..≈≈≈...#
#....#.≈≈≈≈≈..#
.......##≈≈∩...##
....######≈≈≈≈≈## ....
..≈≈≈.# .... #........
.. +......#h.
##.##..##.


You could see a jelly.

Vanquished Creatures
  Pikel (D:4)
  Grinder (D:4)
  4 water moccasins (D:4)
  A necrophage (D:4)
  An ogre (D:4)
  A lemure (D:4)
  A bullfrog (Sewer)
  A hound (D:3)
  An iguana (D:5)
  Jessica (D:2)
  Natasha (thrice) (D:4)
  4 gnolls (D:4)
  5 adders
  3 worms
  3 dart slugs
  An orc (D:4)
  5 endoplasms
  8 giant cockroaches
  7 goblins
  6 hobgoblins
  4 jackals (D:2)
  5 kobolds
  6 quokkas
  6 ball pythons
  6 bats
  10 frilled lizards
  5 rats
100 creatures vanquished.

Notes
Turn   | Place    | Note
-------+----------+-------------------------------------------
     0 | D:1      | potato4science the Octopode Hedge Wizard began the quest
                  | for the Orb.
     0 | D:1      | Reached XP level 1. HP: 11/11 MP: 4/4
    28 | D:1      | Reached skill level 3 in Stealth
   336 | D:1      | Reached XP level 2. HP: 17/17 MP: 6/6
   351 | D:1      | Reached skill level 4 in Stealth
   740 | D:1      | Reached skill level 1 in Fighting
   776 | D:1      | Learned a level 2 spell: Blink
   998 | D:2      | Reached skill level 1 in Short Blades
  1006 | D:2      | Reached XP level 3. HP: 23/23 MP: 7/7
  1197 | D:2      | Noticed a phantom
  1353 | D:2      | Found a faded altar of an unknown god.
  1384 | D:2      | Noticed Jessica
  1388 | D:2      | Killed Jessica
  1394 | D:2      | Reached XP level 4. HP: 28/28 MP: 5/8
  1511 | D:2      | Found a runed translucent door.
  1512 | D:2      | Noticed Crazy Yiuf
  2195 | D:2      | Reached skill level 5 in Stealth
  3292 | D:3      | Found an ornate altar of the Wu Jian Council.
  4449 | D:3      | Reached XP level 5. HP: 23/33 MP: 9/9
  4535 | D:4      | Noticed an ogre
  4577 | D:4      | Noticed Grinder
  4600 | D:4      | Noticed a lemure
  4605 | D:4      | Noticed a necrophage
  4611 | D:4      | Killed a lemure
  4621 | D:4      | Killed a necrophage
  4622 | D:4      | Reached skill level 6 in Stealth
  4625 | D:4      | Killed Grinder
  4626 | D:4      | Reached skill level 7 in Stealth
  4626 | D:4      | Reached skill level 8 in Stealth
  4626 | D:4      | Reached XP level 6. HP: 16/38 MP: 8/10
  4693 | D:4      | Noticed Pikel
  4713 | D:4      | Killed Pikel
  4714 | D:4      | Reached skill level 11 in Stealth
  4714 | D:4      | Reached XP level 7. HP: 14/43 MP: 11/11
  4714 | D:4      | Reached XP level 8. HP: 16/48 MP: 12/12
  4909 | D:4      | Noticed Natasha
  4939 | D:4      | Found a glowing drain.
  4948 | Sewer    | Entered a sewer
  5457 | D:4      | Found Yhacureo's Serpentskin Sales.
  5963 | D:4      | Reached skill level 5 in Short Blades
  6596 | D:4      | Killed Natasha
  6863 | D:4      | Noticed Natasha
  6873 | D:4      | Killed Natasha
  6881 | D:5      | Entered Level 5 of the Dungeon
  6921 | D:4      | Noticed Natasha
  6929 | D:4      | Killed Natasha
  7088 | D:5      | Reached XP level 9. HP: 36/56 MP: 9/13
  7201 | D:5      | Found Nytu's Magic Scroll Emporium.
  7250 | D:5      | Splashed by a jelly's acid

Illustrated notes

Levels and vault maps discovered:
D:1:      wheals_arrival_shading, layout_loops_cross, minivault_25
D:2:      layout_basic, hellmonk_ecumenical_altar_inner_sanctum,
          hangedman_feature_mirror, uniq_crazy_yiuf_cottage, uniq_jessica
D:3:      layout_basic, nicolae_wu_jian_wuxing_cycle
D:4:      layout_loops_ring, gup_sewer_entry_pipe, guppyfry_shop_venom,
          uniq_pikel, uniq_natasha, uniq_grinder
D:5:      layout_gridville, serial_shops, nicolae_shop_waterfront,
          serial_park_tiny_1, kennysheep_generic_room_6

Skill      XL: |  1  2  3  4  5  6  7  8 |
---------------+-------------------------+-----
Stealth        | 3 4 5 8 11 | 11.8
Fighting       | 1 3 |  3.0
Short Blades   | 1 5 |  5.0
Translocations | 3 |  3.0
Dodging        | 3 |  3.0
Spellcasting   | |  3.0
Conjurations   | |  1.0
Summonings     | |  1.0

Action                   |  1- 3 |  4- 6 |  7- 9 || total
-------------------------+-------+-------+-------++-------
Melee: Dagger            |    39 |   100 |   131 ||   270
       Tentacles         |     5 |    25 |    28 ||    58
       Constrict         |     4 |    13 |    18 ||    35
 Cast: Magic Dart        |    17 |    41 |   110 ||   168
       Blink             |       |     1 |     1 ||     2
  Use: Scroll            |       |     3 |       ||     3
       Potion            |       |       |     5 ||     5
 Stab: Sleeping          |    14 |     5 |     6 ||    25
       Distracted        |       |       |     1 ||     1
Armor: Skin              |     1 |     5 |    15 ||    21
Dodge: Dodged            |    15 |    67 |    74 ||   156
